 Dungeon Crawl Stone Soup version 0.18-a0-1782-gb76a692 (webtiles) character file.

711620 M4edhros the Hoplite (level 27, -4/250 HPs)
             Began as a Tengu Monk on Apr 17, 2016.
             Was a High Priest of Cheibriados.
             Killed by divine providence
             ... invoked by a greater mummy
              (12 damage)
             ... on level 25 of a ziggurat on Apr 18, 2016.
             The game lasted 07:57:00 (38676 turns).

M4edhros the Hoplite (Tengu Monk)                  Turns: 38676, Time: 07:57:00

Health: -4/250     AC: 35    Str: 32    XL:     27
Magic:  30/33      EV: 45    Int: 33    God:    Cheibriados [*****.]
Gold:   3594       SH: 40    Dex: 44    Spells: 11 memorised, 8 levels left

rFire  + . .     SeeInvis .       - Unarmed
rCold  + . .     Gourm    .     (armour currently unavailable)
rNeg   + . .     Faith    .     j - +2 large shield of the Comet {MR+}
rPois  ∞         Spirit   .     u - +2 hat
rElec  +         Dismiss  .     J - +2 cloak {+Inv}
rCorr  .         Reflect  +     (gloves currently unavailable)
SustAt .         Harm     .     (boots unavailable)
MR     +++..                    l - +6 amulet of reflection
Stlth  +++++.....               d - ring of Asuth {rElec rF+ rC+ Dex+5}
                                H - +6 ring of evasion

@: statue-form, flying quickly and evasively, very slightly contaminated,
drained, very slow, extremely resistant to hostile enchantments, quite stealthy
A: beak, claws 2, horns 1, talons 3, large bone plates 1, (molten scales 0),
camouflage 1, agile 1, blurry vision 1, clever 2, low mp 1, robust 1, screaming
1, (shaggy fur 0), strong 2, able to fly 2
a: Stop Flying, End Transformation, Bend Time, Temporal Distortion, Slouch, Step
From Time, Renounce Religion, Evoke Invisibility
}: 3/15 runes: serpentine, barnacled, silver


You were on level 25 of a ziggurat.
You worshipped Cheibriados.
Cheibriados was extremely pleased with you.
You were hungry.
You were a stone statue.
You visited 10 branches of the dungeon, and saw 49 of its levels.
You visited 1 ziggurat, and saw 25 of its levels.
You also visited: Ice Cave.

You collected 6138 gold pieces.
You spent 2544 gold pieces at shops.

Inventory:

Hand Weapons
 K - the +10 sword of Jihad {holy, *Rage rN+ EV+3 Stlth-}
   (You found it on level 9 of a ziggurat)

   It has been blessed by the Shining One to cause great damage to the undead
   and demons.
   It affects your evasion (+3).
   It protects you from negative energy.
   It may make you go berserk in combat.
   It makes you less stealthy.
 O - a +9 greatsling of freezing
Missiles
 y - 170 sling bullets
 E - 6 throwing nets (quivered)
Armour
 j - the +2 large shield of the Comet (worn) {MR+}
   (You took it off a deep elf mage on level 1 of the Elven Halls)

   It affects your resistance to hostile enchantments.
 r - a +7 pearl dragon armour (melded)
 u - a +2 hat (worn)
 J - a +2 cloak of invisibility (worn)
 W - the +0 fire dragon armour of Erphexzor {rElec rF++ rC- Int+4 Dex-2 Stlth+}
   (You found it on level 23 of a ziggurat)

   It affects your intelligence (+4).
   It affects your dexterity (-2).
   It greatly protects you from fire.
   It makes you vulnerable to cold.
   It insulates you from electricity.
   It makes you more stealthy.
Rods
 g - a +1 rod of clouds (14/14)
   (You found it on level 3 of the Lair of Beasts)
 v - a +9 lightning rod (17/17)
   (You found it on level 1 of the Shoals)
Jewellery
 c - the amulet "Eloll" {RegenMP Str-3 Int+5 Dex+2}
   (You found it on level 19 of a ziggurat)

   [amulet of magic regeneration]

   It increases your magic regeneration.
   It affects your strength (-3).
   It affects your intelligence (+5).
   It affects your dexterity (+2).
 d - the ring of Asuth (right claw) {rElec rF+ rC+ Dex+5}
   (You found it on level 4 of the Vaults)

   [ring of dexterity]

   It affects your dexterity (+5).
   It protects you from fire.
   It protects you from cold.
   It insulates you from electricity.
 h - the amulet of Xunoacei {Inacc rPois rF+++ Int+3}
   (You found it on level 23 of a ziggurat)

   [amulet of inaccuracy]

   It reduces the accuracy of all your attacks.
   It affects your intelligence (+3).
   It renders you almost immune to fire.
   It protects you from poison.
 l - a +6 amulet of reflection (around neck)
 s - the ring "Ymuanun" {Fire Slay+3}
   (You found it on level 3 of the Elven Halls)

   [ring of fire]

   It enhances your fire magic, and weakens your ice magic.
   It affects your accuracy and damage with ranged weapons and melee attacks
   (+3).
   It protects you from fire.
   It makes you vulnerable to cold.
 w - the amulet "Ameunt" {Dismiss rN+++ Str-3 Dex+2}
   (You found it on level 19 of a ziggurat)

   [amulet of dismissal]

   It may teleport away creatures that harm you.
   It affects your strength (-3).
   It affects your dexterity (+2).
   It renders you almost immune to negative energy.
 B - an uncursed ring of see invisible {unknown}
 H - a +6 ring of evasion (left claw)
 M - the ring of Ughuh {SustAt rC+ rN+}
   (You found it on level 22 of a ziggurat)

   [ring of sustain attributes]

   It sustains your strength, intelligence and dexterity.
   It protects you from cold.
   It protects you from negative energy.
 Q - the ring of Raor Tot {rN+ Str+6 SInv}
   (You found it on level 23 of a ziggurat)

   [ring of positive energy]

   It affects your strength (+6).
   It protects you from negative energy.
   It lets you see invisible.
 S - the ring "Doum" {Ice rElec MP+9 Int-5 Stlth+, unknown}
   (You found it on level 24 of a ziggurat)

   [ring of ice]

   It enhances your ice magic, and weakens your fire magic.
   It affects your intelligence (-5).
   It makes you vulnerable to fire.
   It protects you from cold.
   It insulates you from electricity.
   It affects your magic capacity (+9).
   It makes you more stealthy.
 Y - the ring "Rudd" {rElec Str-2 Int+9 SInv Stlth-, unknown}
   (You found it on level 25 of a ziggurat)

   [ring of see invisible]

   It affects your strength (-2).
   It affects your intelligence (+9).
   It insulates you from electricity.
   It lets you see invisible.
   It makes you less stealthy.
Wands
 o - a wand of heal wounds (6/9)
 x - a wand of teleportation (4/9)
 T - a wand of disintegration (17/24)
 V - a wand of heal wounds (3/9)
Scrolls
 f - 5 scrolls of magic mapping
 m - 8 scrolls of immolation
 n - 8 scrolls of blinking
 p - 26 scrolls of teleportation
 q - a scroll of fear
 t - 15 scrolls of fog
 X - 2 scrolls of holy word
Potions
 e - 5 potions of lignification
 k - 2 potions of might
 C - 3 potions of agility
 D - 11 potions of brilliance
 F - 4 potions of curing
 I - 2 potions of cancellation
 R - 13 potions of cure mutation
 Z - 2 potions of resistance
Miscellaneous
 a - 2 phantom mirrors
 i - a legendary deck of defence {the Shaft}
 z - a phial of floods
 A - a box of beasts {used: 3}
 G - a fan of gales
 L - a disc of storms
 P - a sack of spiders {used: 4}
 U - a lamp of fire
Comestibles
 b - 25 bread rations
 N - 18 beef jerkies


   Skills:
 + Level 18.9(18.8) Fighting
 - Level 14.1(14.0) Slings
 - Level 9.0(8.9) Armour
 + Level 16.4(16.3) Dodging
 - Level 2.0(1.9) Stealth
 - Level 25.0(24.9) Shields
 + Level 15.0(14.9) Unarmed Combat
 - Level 9.1(9.0) Spellcasting
 - Level 21.0(20.8) Conjurations
 - Level 8.8(8.7) Charms
 - Level 5.5(5.4) Necromancy
 - Level 14.1(14.0) Translocations
 - Level 13.4(13.3) Transmutations
 - Level 14.6(14.5) Air Magic
 - Level 13.1(13.0) Earth Magic
 - Level 6.9(6.8) Invocations
 - Level 19.1(19.0) Evocations


You had 8 spell levels left.
You knew the following spells:

 Your Spells              Type           Power        Failure   Level  Hunger
a - Regeneration          Chrm/Necr      ######....   1%          3    None
b - Beastly Appendage     Trmt           ######       0%          1    None
c - Animate Dead          Necr           N/A          3%          4    None
d - Mephitic Cloud        Conj/Pois/Air  #######.     1%          3    None
e - Statue Form           Trmt/Erth      #######..    2%          6    #####..
f - Shroud of Golubria    Chrm/Tloc      ######....   1%          2    None
g - Song of Slaying       Chrm           ######..     1%          2    None
h - Passage of Golubria   Tloc           N/A          1%          4    None
i - Apportation           Tloc           #######...   0%          1    None
j - Summon Lightning Spi  Summ/Air       ######..     1%          4    None
k - Deflect Missiles      Chrm/Air       ######....   6%          6    #####..


Dungeon Overview and Level Annotations

Branches:
Dungeon (15/15)            Temple (0/1) D:6            Lair (8/8) D:11
 Shoals (4/4) Lair:3        Snake (4/4) Lair:4          Orc (2/2) D:12
    Elf (3/3) Orc:2        Vaults (5/5) D:14          Crypt (3/3) Vaults:3
   Tomb (0/3) Crypt:3      Depths (4/5) D:15           Hell (1/1)
  Slime: Lair:6-8       Dis: Hell:1         Geh: Hell:1         Coc: Hell:1
    Tar: Hell:1

Altars:
Cheibriados
Elyvilon
Kikubaaqudgha
Makhleb
Nemelex Xobeh
Qazlal
Ru
Sif Muna
Trog
Vehumet
Xom
Yredelemnul
The Shining One
Beogh

Shops:
D:9 *   D:13 =   Orc:2 (*:[*   Elf:3 *   Shoals:1 *[:*   Shoals:4 [

Portals:
Hell: Depths:1 Depths:2 Depths:3 Depths:4
Abyss: Depths:1 Depths:4
Pandemonium: Depths:3

Annotations:
Elf:2 1 runed door


Innate Abilities, Weirdness & Mutations

You have a beak for a mouth.
You have claws for feet.
You can fly continuously.
You have very sharp fingernails.
You have a pair of small horns on your head.
(You are partially covered in large bone plates (AC +2, SH +2).)
((You are partially covered in molten scales (AC +1).))
Your skin changes colour to match your surroundings (Stealth).
You are agile. (Dex +2)
Scrolls take you a little longer to read.
Your mind is very acute. (Int +4)
Your magical capacity is low (-10% MP).
You are robust (+10% HP).
You occasionally shout uncontrollably at your foes.
((You are covered in fur (AC +1).))
Your muscles are very strong. (Str +4)


Message History

The emperor scorpion seems to slow down.
You block the elf skeleton's attack. The emperor scorpion stings you!
* * * LOW HITPOINT WARNING * * *
You block the emperor scorpion's attack.
The emperor scorpion completely misses you.
The mummy priest completely misses you.
The greater mummy mumbles some strange words.
The emperor scorpion is engulfed in negative energy.
The emperor scorpion is drained!
The emperor scorpion dies!
The emperor scorpion's corpse disappears in a puff of smoke!
The death scarab misses you.
The ushabti shakes and rattles.
The vile air hits the mummy.
The vile air hits the death scarab.
The vile air hits the mummy.
The vile air hits you! You block the tengu zombie's attack.
The tengu zombie completely misses you. x2
The mummy completely misses you. You block the guardian mummy's attack.
The greater mummy casts a spell at you. Something smites you!
You die... §...H...▓▓ .MM.s....▓ .M§MHM.).▓ .ssM8M):)▓ §s§MMMM8:▓ .§sMMBBBM▓▓ .MM8SBMBM[▓ ZMBsszs8M▓ ..Z.§BMsB§ZMZZ▓ .....MMMWSMsZ?▓

§§Z..ZW{.ssMs.▓
B....ZMW.sM...▓
M....sWWs....▓▓
.....MWM.....▓
.....sM.....▓▓
....M......§....▓


You could see 12 greater mummies, 17 emperor scorpions, 3 mummy priests, 2
flayed ghosts, a phantasmal warrior, 2 mana vipers, 2 anubis guards, 6 guardian
mummies, 3 ushabtiu, 2 freezing wraiths, a hungry ghost, 8 death scarabs, a
flying skull, 11 mummies, an elf simulacrum, a quicksilver dragon zombie, an elf
zombie, a tengu zombie, an elf skeleton, an elf skeleton and a caustic shrike
skeleton.

Vanquished Creatures
  A pandemonium lord (Zig:5)
  9 ancient liches
  Khufu (Crypt:3)
  Mennas (Crypt:3)
  A juggernaut (Depths:3)
  Boris (Crypt:3)
  3 greater mummies (Crypt:3)
  Frederick (Vaults:4)
  Sojobo (Vaults:3)
  Saint Roka (Snake:4)
  6 shard shrikes (Zig:24)
  2 caustic shrikes (Zig:19)
  Geryon (Hell)
  A profane servitor (Zig:21)
  8 golden dragons
  10 liches
  3 hellephants
  6 tentacled monstrosities
  4 Ice Fiends (Zig:24)
  A shard shrike skeleton (Crypt:1)
  9 titans
  A deep elf master archer (Elf:3)
  2 deep elf blademasters (Elf:3)
  Asterion (Depths:2)
  9 quicksilver dragons
  Polyphemus (Shoals:4)
  7 tentacled starspawn
  6 sphinxes
  An acid blob (Zig:10)
  4 ancient champions
  Frances (Elf:1)
  Kirke (Lair:5)
  5 shadow dragons
  9 tengu reavers
  4 storm dragons
  5 revenants
  Roxanne (Elf:1)
  47 greater nagas
  Ilsuiw (Shoals:4)
  Wiglaf (Vaults:4)
  4 draconian monks
  2 azure jellies (Zig:10)
  7 iron dragons
  15 frost giants
  A blood saint (Zig:5)
  13 vault wardens
  11 fire giants
  A caustic shrike zombie (Crypt:1)
  11 ghost moths
  Aizul (Vaults:4)
  7 deep elf sorcerers
  6 draconian knights
  An orc warlord (Orc:2)
  4 draconian scorchers
  2 draconian zealots
  3 draconian shifters
  A balrug (Zig:13)
  5 emperor scorpions
  The ghost of namelastname112 the Envoy of Void, a journeyman DrAK of Lugonu (IceCv)
  A warmonger (Zig:5)
  26 very ugly things
  3 ghouls (Crypt:3)
  2 cacodemons (Zig:12)
  3 draconian annihilators
  2 curse skulls
  14 ironheart preservers
  5 war gargoyles
  A deep elf elementalist (Elf:3)
  A juggernaut skeleton (Crypt:2)
  An ophan (Zig:21)
  6 vampire knights
  18 stone giants
  Nessos (Lair:8)
  3 reapers (Hell)
  2 draconian callers
  4 salamander stormcallers
  3 deep elf demonologists
  A yellow draconian (Zig:11)
  10 deep elf annihilators
  3 green draconians
  A red draconian (Zig:15)
  4 purple draconians
  3 black draconians
  4 dire elephants
  2 spark wasps
  2 mottled draconians (Zig:15)
  5 merfolk javelineers
  19 ettins
  3 white draconians
  11 deep elf death magi
  9 eidola
  A death ooze (Zig:10)
  9 great orbs of eyes
  11 blizzard demons (Zig:24)
  34 vault guards
  9 merfolk impalers
  8 deep elf high priests
  7 jiangshi
  A fire dragon (shapeshifter) (Vaults:4)
  11 fire dragons
  11 entropy weavers
  30 naga warriors
  19 yaktaur captains
  21 hydras
  4 catoblepae
  5 rakshasas
  A catoblepas (shapeshifter) (Vaults:5)
  7 merfolk aquamancers
  A ghost crab (shapeshifter) (Depths:2)
  7 anacondas
  A spriggan air mage (Depths:3)
  An alligator snapping turtle (shapeshifter) (Vaults:5)
  4 merfolk avatars
  8 centaur warriors
  27 large abominations
  5 alligator snapping turtles
  23 ogre magi
  23 ice dragons
  13 deep troll shamans
  An alligator (Zig:18)
  7 death yaks
  23 dancing weapons
  2 death knights (Crypt:2)
  A spectral frost giant (Crypt:3)
  3 tengu warriors
  8 vampire magi
  An alligator (shapeshifter) (Depths:4)
  7 hell hogs
  A satyr (Shoals:3)
  8 deep troll earth magi
  A spectral fire giant (Crypt:3)
  An orc high priest (Orc:2)
  3 thrashing horrors
  Urug (D:10)
  A spriggan berserker (Depths:3)
  A shock serpent (shapeshifter) (Depths:2)
  2 iron golems
  26 naga sharpshooters
  16 shock serpents
  23 deep elf knights
  6 soul eaters
  2 sun demons (Hell)
  5 hell knights (Depths:4)
  4 salamander mystics
  5 iron trolls
  2 fire crabs
  21 shadow wraiths
  5 wretched stars
  20 skeletal warriors
  4 spatial maelstroms
  4 wizards
  4 death drakes (Zig:20)
  A storm dragon skeleton (Vaults:3)
  20 deep trolls
  16 sea snakes
  4 unseen horrors
  6 flayed ghosts
  A shadow dragon zombie (D:15)
  2 giant orange brains
  A kraken simulacrum (Shoals:4)
  4 swamp dragons
  16 deep elf archers
  25 harpies
  14 ironbrand convokers
  6 hill giants
  Pikel (D:5)
  11 naga ritualists
  2 spriggan druids (Zig:19)
  3 lindwurms (shapeshifter)
  21 phantasmal warriors
  3 sphinx zombies
  11 orc knights
  9 necromancers
  A spectral wolf spider (Crypt:3)
  A harpy (shapeshifter) (Vaults:3)
  2 shining eyes (Zig:10)
  4 orc sorcerers
  61 ugly things
  14 wolf spiders
  A stone giant zombie (Crypt:3)
  19 manticores
  57 deep elf magi
  12 mana vipers
  9 orb spiders
  A sixfirhy (Zig:13)
  21 griffons
  5 oklob plants (Zig:23)
  2 cyclopes
  A sphinx skeleton (Vaults:4)
  A spectral ice dragon (Crypt:3)
  An iron dragon skeleton (Crypt:2)
  2 moths of wrath
  An octopode (shapeshifter) (Vaults:5)
  13 salamanders
  A fire giant skeleton (D:15)
  13 elephants
  A spectral ettin (Crypt:3)
  A fire giant zombie (Crypt:2)
  3 apocalypse crabs
  An elephant (shapeshifter) (Depths:4)
  15 vault sentinels
  5 centaur zombies
  7 sirens
  20 guardian serpents
  3 hornets
  6 rust devils
  A water nymph (shapeshifter) (Vaults:5)
  A worldbinder (Zig:12)
  A dire elephant zombie (Crypt:2)
  A frost giant skeleton (Vaults:4)
  60 black mambas
  8 water nymphs
  2 ice statues (IceCv)
  27 spiny frogs
  3 centaur skeletons
  2 spiny frogs (shapeshifter) (Vaults:3)
  An elephant slug zombie (Crypt:1)
  39 naga magi
  An orange demon (Zig:21)
  A storm dragon simulacrum (Vaults:3)
  3 torpor snails
  5 smoke demons
  3 shock serpent skeletons (Crypt:2)
  3 kobold demonologists
  40 yaktaurs
  3 gargoyles
  A sea snake zombie (Crypt:1)
  3 komodo dragons
  3 yaktaurs (shapeshifter)
  A golden dragon simulacrum (Zig:24)
  A human zombie (Vaults:4)
  3 hellions
  9 rime drakes
  5 anaconda simulacra
  13 ice devils
  A komodo dragon (shapeshifter) (Vaults:3)
  A hellwing (Zig:21)
  14 freezing wraiths
  7 demonic crawlers
  A catoblepas skeleton (Crypt:1)
  A silent spectre (Zig:13)
  2 tengu conjurers
  31 merfolk
  15 jumping spiders
  A wind drake (shapeshifter) (Elf:2)
  5 wind drakes
  6 trolls
  Grinder (D:4)
  25 two-headed ogres
  2 polar bears
  A hornet zombie (D:15)
  A polar bear (shapeshifter) (Elf:1)
  A hydra skeleton (Hell)
  4 raiju
  A blink frog (shapeshifter) (Elf:2)
  19 blink frogs
  An ettin zombie (Hell)
  An iron dragon simulacrum (Zig:24)
  39 slime creatures
  10 boulder beetles
  14 snapping turtles
  A bog body (Zig:18)
  19 flying skulls
  3 ice dragon zombies
  6 air elementals
  Sigmund (D:5)
  23 redbacks
  A vampire (D:11)
  8 shadows (Crypt:3)
  46 starcursed masses
  A spriggan skeleton (D:15)
  10 tarantellas
  A wyvern (shapeshifter) (D:15)
  9 wyverns
  A spriggan (D:5)
  4 ynoxinuls (Zig:21)
  7 water elementals
  10 wraiths
  33 yaks
  A fire dragon skeleton (Crypt:3)
  4 steam dragons
  A basilisk (shapeshifter) (Depths:4)
  4 chaos spawn
  7 small abominations
  A hog (shapeshifter) (Depths:3)
  20 vampire mosquitoes
  3 golden eyes
  6 basilisks
  7 hungry ghosts
  4 neqoxecs
  4 fire elementals
  3 mottled dragons
  13 hippogriffs
  A water nymph zombie (Crypt:3)
  84 nagas
  A warg (shapeshifter) (Depths:2)
  Edmund (D:5)
  4 deep troll zombies
  7 wargs
  2 iron troll simulacra (IceCv)
  2 spectral snapping turtles (Crypt:3)
  A deep troll skeleton (Vaults:3)
  4 porcupines
  4 hydra simulacra (IceCv)
  21 water moccasins
  2 swamp drakes
  3 sky beasts
  4 slaves (D:5)
  12 ice beasts
  2 black bears
  30 orc warriors
  A spiny frog skeleton (Crypt:3)
  6 eyes of draining
  72 ogres
  A wasp (D:15)
  4 phantoms
  2 necrophages
  27 wolves
  21 crocodiles
  18 centaurs
  2 human skeletons
  2 big kobolds
  A rime drake skeleton (Crypt:3)
  34 giant frogs
  A wyvern zombie (D:12)
  7 earth elementals
  A glowing shapeshifter simulacrum (Zig:24)
  A wyvern skeleton (D:11)
  7 scorpions
  A cyclops skeleton (Crypt:3)
  A troll zombie (D:12)
  15 wights
  4 killer bees (D:7)
  5 electric eels
  4 howler monkeys
  6 crimson imps
  A giant frog zombie (D:7)
  10 jellies
  2 hounds
  18 orc priests
  16 orc wizards
  A giant frog skeleton (D:12)
  5 iguanas
  Ijyb (D:2)
  9 worker ants
  A lightning spire (Zig:8)
  23 sheep
  A big kobold zombie (Crypt:3)
  A tengu zombie (Crypt:3)
  2 centaur simulacra (D:11)
  7 ogre zombies (D:12)
  A big kobold skeleton (Crypt:2)
  A crocodile skeleton (Crypt:2)
  A mummy (D:5)
  Robin (D:3)
  2 adders
  3 gnolls (D:10)
  25 river rats
  A shadow imp (D:12)
  18 white imps
  A worker ant simulacrum (D:11)
  5 ufetubi (D:11)
  An ooze (D:2)
  2 worms
  3 dart slugs
  8 giant geckos
  54 orcs
  A ball python (D:3)
  8 bats
  2 giant cockroaches
  9 goblins
  9 hobgoblins
  12 jackals
  12 kobolds
  3 quokkas
  2 giant gecko skeletons
  2 giant newts
  3 goblin skeletons
  4 goblin zombies (D:12)
  A hobgoblin skeleton (D:12)
  5 hobgoblin zombies
  4 kobold zombies
  4 orc skeletons
  15 orc zombies
  6 rats
  A crawling corpse (Elf:3)
  2 lost souls (Hell)
  3 plants
  7 starspawn tentacles (Zig:21)
  A tentacle (Shoals:4)
2931 creatures vanquished.

Vanquished Creatures (collateral kills)
  A shard shrike (Zig:24)
  An Ice Fiend (IceCv)
  A titan (Zig:23)
  A sphinx (Zig:23)
  A fire giant (shapeshifter) (Zig:23)
  An emperor scorpion (Zig:14)
  A ghost moth (Zig:14)
  A corrupter (Zig:21)
  2 blizzard demons (Zig:24)
  A merfolk aquamancer (Shoals:4)
  3 naga sharpshooters
  A wretched star (Zig:21)
  3 large abominations
  4 orb spiders (Zig:14)
  A wolf spider (Zig:14)
  A moth of wrath (Zig:14)
  A worldbinder (Zig:13)
  An eye of devastation (Zig:13)
  A torpor snail (Zig:14)
  A rime drake (Zig:24)
  3 demonic crawlers (Zig:14)
  A freezing wraith (Zig:21)
  An ancient zyme (Zig:13)
  A jumping spider (Zig:14)
  A raiju (Zig:21)
  A redback (Zig:14)
  A flying skull (Crypt:3)
  2 tarantellas (Zig:14)
  A neqoxec (Zig:13)
  A chaos spawn (Zig:21)
  A naga (Zig:22)
  2 ice beasts (Zig:24)
  A small abomination (Zig:13)
  An earth elemental (Zig:21)
  A glowing shapeshifter simulacrum (Zig:24)
  A jelly (Zig:10)
  A starcursed mass (Zig:21)
  2 starspawn tentacles
51 creatures vanquished.

Vanquished Creatures (others)
  A tengu reaver (Vaults:5)
  A fire giant (Vaults:2)
  3 stone giants
  An ironheart preserver (Zig:23)
  2 merfolk javelineers
  2 merfolk impalers (Shoals:4)
  3 yaktaur captains
  A deep elf high priest (Elf:3)
  2 centaur warriors
  A merfolk aquamancer (Shoals:4)
  A tengu warrior (Depths:3)
  A thrashing horror (Zig:13)
  6 naga sharpshooters
  A deep elf knight (Elf:1)
  A naga ritualist (Zig:7)
  8 deep elf archers
  3 deep elf magi
  A mana viper (Zig:17)
  A salamander (Zig:17)
  2 cyclopes
  A black mamba (shapeshifter) (Depths:3)
  9 yaktaurs
  An ice devil (Zig:24)
  A snapping turtle (Shoals:4)
  A tarantella (Zig:16)
  An air elemental (Elf:1)
  A wyvern (Zig:20)
  A human (Lair:5)
  A naga (Snake:4)
  An orc warrior (Orc:2)
  A boggart (Depths:3)
  An ogre (Depths:2)
  9 centaurs
  A giant frog (Lair:7)
  3 river rats (Lair:8)
  An orc (D:7)
  A hobgoblin zombie (D:12)
  A kobold (D:13)
  5 fungi
  8 lost souls
  18 plants
  33 starspawn tentacles
  717 starspawn tentacle segments
  3 tentacles (Shoals:4)
  30 tentacle segments (Shoals:4)
892 creatures vanquished.

Grand Total: 3874 creatures vanquished

Notes
Turn   | Place    | Note
--------------------------------------------------------------
     0 | D:1      | M4edhros the Tengu Monk began the quest for the Orb.
     0 | D:1      | Reached XP level 1. HP: 14/14 MP: 2/2
   163 | D:1      | Reached XP level 2. HP: 5/19 MP: 3/3
   427 | D:1      | Reached skill level 5 in Unarmed Combat
  1133 | D:1      | Reached XP level 3. HP: 21/23 MP: 4/4
  1215 | D:2      | Found a snail-covered altar of Cheibriados.
  1229 | D:2      | Gained mutation: You are robust (+10% HP). [potion of mutation]
  1229 | D:2      | Gained mutation: You can translocate small distances at will. [potion of mutation]
  1229 | D:2      | Gained mutation: You have sharp fingernails. [potion of mutation]
  1249 | D:2      | Became a worshipper of Cheibriados the Contemplative
  1249 | D:2      | Reached * piety under Cheibriados
  1249 | D:2      | Reached ** piety under Cheibriados
  1486 | D:2      | Noticed Ijyb
  1497 | D:2      | Killed Ijyb
  1497 | D:2      | Reached XP level 4. HP: 29/30 MP: 5/5
  1823 | D:3      | Noticed Robin
  1833 | D:3      | Reached *** piety under Cheibriados
  1842 | D:3      | Killed Robin
  1923 | D:3      | Gained mutation: You can fly. [Tengu growth]
  1923 | D:3      | Reached XP level 5. HP: 29/35 MP: 6/6
  2092 | D:4      | Reached XP level 6. HP: 30/40 MP: 7/7
  2274 | D:4      | Noticed Grinder
  2283 | D:4      | Killed Grinder
  2286 | D:4      | Reached XP level 7. HP: 30/45 MP: 8/8
  2340 | D:5      | Entered Level 5 of the Dungeon
  2343 | D:5      | Reached **** piety under Cheibriados
  2370 | D:5      | Noticed a spriggan
  2378 | D:5      | Killed a spriggan
  2401 | D:5      | Reached skill level 10 in Unarmed Combat
  2415 | D:5      | Reached XP level 8. HP: 36/50 MP: 9/9
  2546 | D:6      | Reached skill level 1 in Invocations
  2649 | D:5      | Noticed Edmund
  2659 | D:5      | Killed Edmund
  2687 | D:5      | Reached ***** piety under Cheibriados
  2731 | D:5      | Found a white marble altar of Elyvilon.
  2842 | D:5      | Noticed Pikel
  2856 | D:5      | Killed Pikel
  2856 | D:5      | Reached XP level 9. HP: 16/55 MP: 6/14
  2905 | D:5      | Found a basalt altar of Yredelemnul.
  2915 | D:5      | Found an ancient bone altar of Kikubaaqudgha.
  2963 | D:6      | Found a staircase to the Ecumenical Temple.
  2973 | D:6      | Found a glowing golden altar of the Shining One.
  3004 | D:5      | Noticed Sigmund
  3008 | D:5      | Killed Sigmund
  3072 | D:7      | Found a deep blue altar of Sif Muna.
  3073 | D:7      | Found a sacrificial altar of Ru.
  3074 | D:7      | Found a stormy altar of Qazlal.
  3074 | D:7      | Found a sparkling altar of Nemelex Xobeh.
  3075 | D:7      | Found a burning altar of Makhleb.
  3076 | D:7      | Found a shimmering altar of Xom.
  3100 | D:7      | Reached skill level 1 in Shields
  3104 | D:7      | Gained mutation: Your skin changes colour to match your surroundings (Stealth). [mutagenic meat]
  3105 | D:7      | Gained mutation: You expend magic power (3 MP) to strengthen your wands. [mutagenic meat]
  3106 | D:7      | Gained mutation: You are partially covered in thin metallic scales (AC +2). [mutagenic meat]
  3107 | D:7      | Gained mutation: You are weak. (Str -2) [mutagenic meat]
  3108 | D:7      | Gained mutation: You are clumsy. (Dex -2) [mutagenic meat]
  3127 | D:7      | Reached skill level 2 in Shields
  3181 | D:7      | Reached skill level 3 in Shields
  3230 | D:7      | Reached skill level 4 in Shields
  3241 | D:7      | Reached skill level 5 in Shields
  3305 | D:7      | Reached skill level 6 in Shields
  3316 | D:7      | Reached XP level 10. HP: 38/61 MP: 16/16
  3390 | D:8      | Reached skill level 7 in Shields
  3512 | D:9      | Found Ohiufirph's Assorted Antiques.
  3520 | D:9      | Bought an ancient buckler for 199 gold pieces
  3520 | D:9      | Bought a scratched garnet ring for 105 gold pieces
  3520 | D:9      | Bought a scroll of identify for 42 gold pieces
  3536 | D:9      | Identified the +3 buckler of the Valley {Str-2 Slay+5} (You bought it in a shop on level 9 of the Dungeon)
  3590 | D:9      | Lost mutation: You are clumsy. (Dex -2) [mutagenic meat]
  3591 | D:9      | Gained mutation: You are mostly covered in thin metallic scales (AC +3). [mutagenic meat]
  3592 | D:9      | Lost mutation: You are weak. (Str -2) [mutagenic meat]
  3593 | D:9      | Gained mutation: Scrolls take you a little longer to read. [mutagenic meat]
  3639 | D:10     | Entered Level 10 of the Dungeon
  3649 | D:10     | Noticed Urug
  3660 | D:10     | Killed Urug
  3660 | D:10     | Reached skill level 5 in Dodging
  4166 | D:11     | Reached XP level 11. HP: 66/66 MP: 17/17
  4231 | D:11     | Reached skill level 10 in Dodging
  4424 | D:12     | Reached ****** piety under Cheibriados
  4518 | D:12     | Killed an unseen horror
  4540 | D:12     | Found a staircase to the Orcish Mines.
  4546 | D:12     | Killed an unseen horror
  4704 | D:12     | Reached skill level 1 in Armour
  4722 | D:12     | Noticed a hill giant
  4727 | D:12     | Killed a hill giant
  4743 | D:12     | Killed an unseen horror
  4835 | Orc:1    | Entered Level 1 of the Orcish Mines
  4846 | Orc:1    | Reached skill level 5 in Fighting
  4910 | Orc:1    | Reached XP level 12. HP: 74/74 MP: 18/18
  4967 | Orc:1    | Reached skill level 5 in Armour
  5028 | Orc:2    | Entered Level 2 of the Orcish Mines
  5078 | Orc:2    | Noticed an orc warlord
  5079 | Orc:2    | Noticed an orc high priest
  5081 | Orc:2    | Killed an orc high priest
  5091 | Orc:2    | Killed an orc warlord
  5215 | Orc:2    | Found a roughly hewn altar of Beogh.
  5218 | Orc:2    | Found Fileusaamp's General Store.
  5241 | Orc:2    | Bought a scroll of identify for 28 gold pieces
  5241 | Orc:2    | Bought a scroll of identify for 28 gold pieces
  5241 | Orc:2    | Bought a scroll of identify for 28 gold pieces
  5249 | Orc:2    | Found Kifegioz's Antique Armour Emporium.
  5266 | Orc:2    | Found Kifegioz's Book Emporium.
  5281 | Orc:2    | Found Nuoleman's Antique Weapon Emporium.
  5557 | Orc:2    | Found Catewen's Assorted Antiques.
  5579 | Orc:2    | Found a staircase to the Elven Halls.
  6056 | Orc:2    | Bought a book of Necromancy for 390 gold pieces
  6091 | Orc:1    | Learned a level 3 spell: Regeneration
  6218 | D:13     | Found Ifoat's Jewellery Shop.
  6240 | D:13     | Reached skill level 1 in Charms
  6240 | D:13     | Reached skill level 1 in Necromancy
  6292 | D:13     | Reached XP level 13. HP: 84/85 MP: 19/19
  6700 | D:14     | Gained mutation: You are resistant to electric shocks. [mutagenic meat]
  6702 | D:14     | Gained mutation: You have very sharp fingernails. [mutagenic meat]
  6706 | D:14     | Gained mutation: You are partially covered in slimy green scales (AC +2). [mutagenic meat]
  6760 | D:14     | Reached skill level 5 in Necromancy
  6798 | D:15     | Entered Level 15 of the Dungeon
  6932 | D:15     | Found a staircase to the Depths.
  6978 | D:15     | Reached skill level 5 in Charms
  7042 | D:15     | Reached skill level 10 in Fighting
  7134 | D:15     | Lost mutation: You expend magic power (3 MP) to strengthen your wands. [mutagenic meat]
  7140 | D:15     | Noticed a great orb of eyes
  7146 | D:15     | Killed a great orb of eyes
  7165 | D:15     | Gained mutation: You can fly continuously. [Tengu growth]
  7165 | D:15     | Reached XP level 14. HP: 47/96 MP: 20/20
  7418 | D:14     | Found a gate to the Vaults.
  7474 | D:14     | Learned a level 1 spell: Beastly Appendage
  7693 | D:15     | Reached skill level 1 in Transmutations
  7724 | D:15     | Learned a level 2 spell: Repel Missiles
  8005 | D:11     | Reached skill level 1 in Air Magic
  8064 | D:11     | Found a staircase to the Lair.
  8096 | Lair:1   | Entered Level 1 of the Lair of Beasts
  8496 | Lair:3   | Found a staircase to the Shoals.
  8684 | Lair:3   | Identified a +1 rod of clouds (14/14) (You found it on level 3 of the Lair of Beasts)
  8819 | Lair:4   | Found a staircase to the Snake Pit.
  8823 | Lair:4   | Reached skill level 1 in Evocations
  8893 | Lair:5   | Learned a level 3 spell: Mephitic Cloud
  9605 | Lair:6   | Noticed Kirke
  9626 | Lair:6   | Noticed a sphinx
  9753 | Lair:5   | Killed Kirke
  9753 | Lair:5   | Reached skill level 5 in Air Magic
 10035 | Lair:7   | Reached XP level 15. HP: 44/103 MP: 14/21
 10088 | Lair:8   | Entered Level 8 of the Lair of Beasts
 10106 | Lair:8   | Reached skill level 5 in Evocations
 10220 | Lair:8   | Reached skill level 5 in Transmutations
 10262 | Lair:8   | Reached skill level 1 in Spellcasting
 10363 | Lair:8   | Learned a level 6 spell: Statue Form
 10406 | Lair:8   | Noticed Nessos
 10431 | Lair:8   | Killed Nessos
 10787 | Lair:7   | Reached skill level 1 in Earth Magic
 10897 | Snake:1  | Entered Level 1 of the Snake Pit
 11441 | Snake:2  | Reached XP level 16. HP: 74/110 MP: 23/23
 11641 | Snake:2  | Gained mutation: You expend magic power (3 MP) to strengthen your wands. [mutagenic meat]
 11642 | Snake:2  | Lost mutation: You are partially covered in slimy green scales (AC +2). [mutagenic meat]
 11643 | Snake:2  | Gained mutation: Your mind is acute. (Int +2) [mutagenic meat]
 11644 | Snake:2  | Gained mutation: Your body sometimes deteriorates upon taking damage. [mutagenic meat]
 12008 | Snake:4  | Entered Level 4 of the Snake Pit
 12611 | Snake:4  | Reached skill level 5 in Earth Magic
 12678 | Snake:4  | Noticed a greater naga
 12689 | Snake:4  | Killed a greater naga
 12709 | Snake:4  | Noticed Saint Roka
 12735 | Snake:4  | Killed Saint Roka
 12735 | Snake:4  | Reached skill level 10 in Evocations
 12845 | Snake:4  | Noticed a greater naga
 12855 | Snake:4  | Killed a greater naga
 12889 | Snake:4  | Noticed a greater naga
 12893 | Snake:4  | Killed a greater naga
 12951 | Snake:4  | Noticed a greater naga
 12960 | Snake:4  | Killed a greater naga
 12960 | Snake:4  | Reached XP level 17. HP: 114/114 MP: 22/25
 13979 | Snake:4  | Reached skill level 10 in Transmutations
 14562 | Snake:4  | Got a serpentine rune of Zot
 14671 | Snake:4  | Reached XP level 18. HP: 105/121 MP: 25/28
 15084 | Shoals:1 | Entered Level 1 of the Shoals
 15094 | Shoals:1 | Found Adiugen's Book Shoppe.
 15111 | Shoals:1 | Identified the Papyrus of Earthen Unholy Arts (You found it on level 1 of the Shoals)
 15123 | Shoals:1 | Found Elinor's Antique Armour Shop.
 15133 | Shoals:1 | Bought an agate-encrusted leather armour for 168 gold pieces
 15197 | Shoals:1 | Identified the +1 leather armour of Zetuugry {rPois Dex+8} (You bought it in a shop on level 1 of the Shoals)
 15255 | Shoals:1 | Found Huanobagh's General Store.
 15286 | Shoals:1 | Bought a scroll of teleportation for 51 gold pieces
 15286 | Shoals:1 | Bought a potion of curing for 51 gold pieces
 15286 | Shoals:1 | Bought a scroll of teleportation for 51 gold pieces
 15292 | Shoals:1 | Found a runed door.
 15539 | Shoals:1 | Found Neut's Assorted Antiques.
 15549 | Shoals:1 | Bought an embroidered cloak for 171 gold pieces
 16528 | Shoals:4 | Entered Level 4 of the Shoals
 16528 | Shoals:4 | Found a frozen archway.
 16563 | IceCv    | Entered an ice cave
 16563 | IceCv    | Noticed namelastname112's ghost (journeyman DrAK)
 16588 | IceCv    | Killed namelastname112's ghost
 16761 | IceCv    | Noticed an Ice Fiend
 16776 | IceCv    | Killed an Ice Fiend
 16854 | IceCv    | Got a blackened broad axe
 16859 | IceCv    | Identified the +6 broad axe of Blind Justice {flame, rPois rC+} (You found it in an ice cave)
 16862 | IceCv    | Got a translucent scimitar
 16863 | IceCv    | Identified the +7 scimitar "Ceorghem" {elec, rPois rN+ Int+5} (You found it in an ice cave)
 17204 | Shoals:4 | Noticed Ilsuiw
 17206 | Shoals:4 | Reached XP level 19. HP: 43/125 MP: 21/30
 17469 | Shoals:3 | Reached skill level 10 in Earth Magic
 17581 | Shoals:4 | Noticed Polyphemus
 17684 | Shoals:4 | Found Asmulun's Antique Armour Boutique.
 17864 | Shoals:4 | Killed Ilsuiw
 17907 | Shoals:4 | Got a barnacled rune of Zot
 18251 | Shoals:4 | Killed Polyphemus
 18507 | Shoals:4 | Bought a slimy plate armour for 1232 gold pieces
 18517 | Shoals:4 | Identified the cursed +1 plate armour of Nisunow {Str+3 Int+3 Stlth+} (You bought it in a shop on level 4 of the Shoals)
 18917 | Lair:1   | Learned a level 2 spell: Shroud of Golubria
 18920 | Lair:1   | Learned a level 2 spell: Song of Slaying
 19232 | Elf:1    | Entered Level 1 of the Elven Halls
 19541 | Elf:1    | Got a scorched large shield
 19553 | Elf:1    | Identified the +2 large shield of the Comet {MR+} (You took it off a deep elf mage on level 1 of the Elven Halls)
 19639 | Elf:1    | Noticed Frances
 19649 | Elf:1    | Killed Frances
 19856 | Elf:2    | Reached XP level 20. HP: 132/132 MP: 32/32
 19890 | Elf:2    | Reached skill level 8 in Shields
 19899 | Elf:2    | Reached skill level 15 in Evocations
 19953 | Elf:2    | Got a crude scale mail
 19956 | Elf:2    | Identified the +2 scale mail "Siklagij" {rElec rN+} (You found it on level 2 of the Elven Halls)
 20105 | Elf:2    | Found a runed door.
 20114 | Elf:2    | Found a runed door.
 20314 | Elf:2    | Reached skill level 9 in Shields
 20360 | Elf:3    | Entered Level 3 of the Elven Halls
 20499 | Elf:3    | Found Tuch's Assorted Antiques.
 20533 | Elf:2    | Reached skill level 10 in Shields
 20627 | Elf:1    | Noticed Roxanne
 20637 | Elf:1    | Killed Roxanne
 20723 | Elf:3    | Reached skill level 11 in Shields
 20790 | Elf:3    | Reached skill level 12 in Shields
 20824 | Elf:3    | Learned a level 4 spell: Passage of Golubria
 20825 | Elf:3    | Got a shimmering copper ring
 20827 | Elf:3    | Identified the ring "Ymuanun" {Fire Slay+3} (You found it on level 3 of the Elven Halls)
 20887 | Elf:3    | Learned a level 1 spell: Apportation
 20893 | Elf:3    | Got a twisted plate armour
 20904 | Elf:3    | Identified the +7 plate armour of Marbles {+Blink rPois} (You found it on level 3 of the Elven Halls)
 20998 | Elf:3    | Got a crystal hunting sling
 20999 | Elf:3    | Identified the cursed +2 hunting sling of the Asp {velocity, Str+3} (You found it on level 3 of the Elven Halls)
 21029 | Elf:3    | Got an ichor-stained shield
 21040 | Elf:3    | Identified the cursed -8 shield of Cavahuy {+Fly Int+4} (You found it on level 3 of the Elven Halls)
 21049 | Elf:3    | Got a shimmering dagger
 21050 | Elf:3    | Identified the +8 dagger of the Crawling Thing {pierce, rC- rN+++ Int+7} (You found it on level 3 of the Elven Halls)
 21247 | Elf:3    | Reached XP level 21. HP: 136/136 MP: 29/33
 21337 | Elf:3    | Gained mutation: Your magical capacity is low (-10% MP). [a neqoxec]
 21338 | Elf:3    | Lost mutation: Your mind is acute. (Int +2) [a neqoxec]
 21812 | Vaults:1 | Entered Level 1 of the Vaults
 21856 | Vaults:1 | Reached skill level 13 in Shields
 22100 | Vaults:1 | Gained mutation: You are very robust (+20% HP). [mutagenic meat]
 22108 | Vaults:1 | Gained mutation: You are extremely robust (+30% HP). [mutagenic meat]
 22114 | Vaults:1 | Gained mutation: You possess an exceptional clarity of mind. [mutagenic meat]
 22116 | Vaults:1 | clarity, 30% hp more, insulated
 22286 | Vaults:1 | Got a faintly humming scale mail
 22289 | Vaults:1 | Identified the cursed +1 scale mail of Supple Strength {rC+} (You found it on level 1 of the Vaults)
 22317 | Vaults:1 | Reached skill level 1 in Translocations
 22458 | Vaults:2 | Reached skill level 14 in Shields
 22494 | Vaults:2 | Lost mutation: Your body sometimes deteriorates upon taking damage. [mutagenic meat]
 22496 | Vaults:2 | Lost mutation: You possess an exceptional clarity of mind. [mutagenic meat]
 22497 | Vaults:2 | Lost mutation: Your magical capacity is low (-10% MP). [mutagenic meat]
 22869 | Vaults:4 | Reached skill level 5 in Translocations
 22877 | Vaults:4 | Lost mutation: Scrolls take you a little longer to read. [mutagenic meat]
 22878 | Vaults:4 | Lost mutation: You expend magic power (3 MP) to strengthen your wands. [mutagenic meat]
 22879 | Vaults:4 | Lost mutation: You are mostly covered in thin metallic scales (AC +3). [mutagenic meat]
 22881 | Vaults:4 | Gained mutation: You possess an exceptional clarity of mind. [mutagenic meat]
 22882 | Vaults:4 | Lost mutation: You possess an exceptional clarity of mind. [mutagenic meat]
 22883 | Vaults:4 | Gained mutation: You have a somewhat thin skeletal structure (Dex +2, Stealth). [mutagenic meat]
 22884 | Vaults:4 | Gained mutation: You passively map a small area around you. [mutagenic meat]
 22888 | Vaults:4 | Noticed Frederick
 22895 | Vaults:4 | Killed Frederick
 22923 | Vaults:4 | Got a heavily runed wooden ring
 22925 | Vaults:4 | Identified the ring of Asuth {rElec rF+ rC+ Dex+5} (You found it on level 4 of the Vaults)
 22931 | Vaults:4 | nice ring, rf rc, just what needed
 23063 | Vaults:4 | Reached skill level 15 in Shields
 23205 | Vaults:4 | Lost mutation: You are extremely robust (+30% HP). [mutagenic meat]
 23206 | Vaults:4 | Gained mutation: You have a pair of small antennae on your head. [mutagenic meat]
 23251 | Vaults:4 | Reached XP level 22. HP: 156/156 MP: 34/34
 23302 | Vaults:4 | Gained mutation: You are partially covered in large bone plates (AC +2, SH +2). [mutagenic meat]
 23303 | Vaults:4 | Gained mutation: You are weak. (Str -2) [mutagenic meat]
 23304 | Vaults:4 | Lost mutation: You have a pair of small antennae on your head. [mutagenic meat]
 23307 | Vaults:4 | Gained mutation: You possess an exceptional clarity of mind. [mutagenic meat]
 23389 | Vaults:4 | Reached skill level 16 in Shields
 23437 | Vaults:4 | Noticed Aizul
 23449 | Vaults:4 | Killed Aizul
 23453 | Vaults:4 | Noticed Wiglaf
 23460 | Vaults:4 | Killed Wiglaf
 23489 | Vaults:4 | Gained mutation: Your spells are a little harder to cast, but a little more powerful. [mutagenic meat]
 23490 | Vaults:4 | Lost mutation: You are weak. (Str -2) [mutagenic meat]
 23491 | Vaults:4 | Lost mutation: You can translocate small distances at will. [mutagenic meat]
 23493 | Vaults:4 | Gained mutation: Your magical capacity is low (-10% MP). [mutagenic meat]
 23494 | Vaults:4 | Lost mutation: You possess an exceptional clarity of mind. [mutagenic meat]
 23495 | Vaults:4 | Lost mutation: Your magical capacity is low (-10% MP). [mutagenic meat]
 23499 | Vaults:4 | Lost mutation: Your spells are a little harder to cast, but a little more powerful. [mutagenic meat]
 23505 | Vaults:4 | Lost mutation: You passively map a small area around you. [mutagenic meat]
 24141 | Vaults:3 | Lost mutation: You are partially covered in large bone plates (AC +2, SH +2). [mutagenic meat]
 24142 | Vaults:3 | Lost mutation: You are very robust (+20% HP). [mutagenic meat]
 24144 | Vaults:3 | Gained mutation: Your flesh is heat resistant. [mutagenic meat]
 24195 | Vaults:3 | Gained mutation: Armour fits poorly on your strangely shaped body. [mutagenic meat]
 24196 | Vaults:3 | Gained mutation: You are resistant to hostile enchantments. [mutagenic meat]
 24201 | Vaults:3 | Lost mutation: You have a somewhat thin skeletal structure (Dex +2, Stealth). [mutagenic meat]
 24203 | Vaults:3 | Gained mutation: You are partially covered in icy blue scales (AC +1). [mutagenic meat]
 24204 | Vaults:3 | Lost mutation: You are robust (+10% HP). [mutagenic meat]
 24533 | Vaults:3 | Reached skill level 17 in Shields
 24547 | Vaults:3 | Reached skill level 10 in Translocations
 24552 | Vaults:3 | Noticed Sojobo
 24557 | Vaults:3 | Killed Sojobo
 24641 | Vaults:3 | Found a staircase to the Crypt.
 25401 | Vaults:2 | Lost mutation: Armour fits poorly on your strangely shaped body. [mutagenic meat]
 25403 | Vaults:2 | Gained mutation: You are robust (+10% HP). [mutagenic meat]
 25404 | Vaults:2 | Lost mutation: You are resistant to hostile enchantments. [mutagenic meat]
 25406 | Vaults:2 | Gained mutation: Your body sometimes deteriorates upon taking damage. [mutagenic meat]
 25408 | Vaults:2 | Gained mutation: Your movements are slightly less encumbered by armour (ER -2). [mutagenic meat]
 25409 | Vaults:2 | Lost mutation: Your body sometimes deteriorates upon taking damage. [mutagenic meat]
 25411 | Vaults:2 | Gained mutation: You have supernaturally acute eyesight. [mutagenic meat]
 25466 | Vaults:2 | Paralysed by a great orb of eyes for 5 turns
 25860 | Vaults:3 | Lost mutation: You are robust (+10% HP). [mutagenic meat]
 25862 | Vaults:3 | Gained mutation: You can translocate small distances at will. [mutagenic meat]
 26051 | Vaults:5 | Entered Level 5 of the Vaults
 26060 | Vaults:5 | Noticed a golden dragon
 26062 | Vaults:5 | Reached skill level 18 in Shields
 26062 | Vaults:5 | Reached XP level 23. HP: 135/135 MP: 20/35
 26063 | Vaults:5 | Noticed an ancient lich
 26065 | Vaults:5 | Killed a golden dragon
 26171 | Vaults:5 | Noticed a golden dragon
 26199 | Vaults:5 | Killed a golden dragon
 26202 | Vaults:5 | Noticed a golden dragon
 26221 | Vaults:5 | Killed a golden dragon
 26224 | Vaults:5 | Reached skill level 19 in Shields
 26464 | Vaults:5 | Noticed a golden dragon
 26475 | Vaults:5 | Killed a golden dragon
 26517 | Vaults:5 | Reached skill level 20 in Shields
 26527 | Vaults:5 | Reached XP level 24. HP: 124/140 MP: 12/35
 26544 | Vaults:5 | Got a vibrating marble ring
 26628 | Vaults:5 | Identified Sif Muna's Collected Works on Flamy Evil (You found it on level 5 of the Vaults)
 26634 | Vaults:5 | Got a silver rune of Zot
 26635 | Vaults:5 | Identified the ring "Surr" {rPois AC+2 Dex+4} (You took it off an ogre mage on level 5 of the Vaults)
 26873 | Vaults:5 | Lost mutation: You have very sharp fingernails. [mutagenic meat]
 26875 | Vaults:5 | Lost mutation: You are resistant to electric shocks. [mutagenic meat]
 27151 | Vaults:3 | Gained mutation: You are agile. (Dex +2) [mutagenic meat]
 27152 | Vaults:3 | Lost mutation: You are partially covered in icy blue scales (AC +1). [mutagenic meat]
 27211 | Crypt:1  | Entered Level 1 of the Crypt
 27506 | Crypt:2  | Reached skill level 21 in Shields
 27662 | Crypt:3  | Entered Level 3 of the Crypt
 27670 | Crypt:3  | Noticed Mennas
 27719 | Crypt:3  | Killed Mennas
 27773 | Crypt:3  | Noticed a greater mummy
 27775 | Crypt:3  | Noticed Khufu
 27775 | Crypt:3  | Noticed a greater mummy
 27775 | Crypt:3  | Noticed a greater mummy
 27787 | Crypt:3  | Killed a greater mummy
 28162 | Crypt:3  | Killed a greater mummy
 28174 | Crypt:3  | Killed a greater mummy
 28174 | Crypt:3  | Reached skill level 22 in Shields
 28297 | Crypt:3  | Killed Khufu
 28325 | Crypt:3  | Found a staircase to the Tomb.
 28465 | Crypt:3  | Noticed Boris
 28470 | Crypt:3  | Killed Boris
 28470 | Crypt:3  | Reached XP level 25. HP: 145/145 MP: 35/35
 28498 | Crypt:3  | Got a scorched scale mail
 28499 | Crypt:3  | Identified the +2 scale mail "Mileinas" {rPois rN+++ rCorr Int-5} (You found it on level 3 of the Crypt)
 28501 | Crypt:3  | Gained mutation: You are covered in fur (AC +1). [potion of beneficial mutation]
 28502 | Crypt:3  | Gained mutation: Your mind is acute. (Int +2) [potion of beneficial mutation]
 28543 | Crypt:3  | Got a faintly glowing robe
 28544 | Crypt:3  | Identified the +1 robe "Giurpheock" {Int+3 Dex+2 Stlth+} (You found it on level 3 of the Crypt)
 28694 | Crypt:3  | Found a basalt altar of Yredelemnul.
 28710 | Crypt:3  | Noticed an ancient lich
 28721 | Crypt:3  | Killed an ancient lich
 28721 | Crypt:3  | Reached skill level 23 in Shields
 28777 | Crypt:3  | Identified the Disquisition on Spatial Slavery (You found it on level 3 of the Crypt)
 29171 | Crypt:3  | Identified a +2 rod of clouds (12/12) (You found it on level 3 of the Crypt)
 29791 | Depths:1 | Entered Level 1 of the Depths
 29819 | Depths:1 | Lost mutation: You are agile. (Dex +2) [mutagenic meat]
 29844 | Depths:1 | Reached skill level 24 in Shields
 29847 | Depths:1 | Found a one-way gate to the infinite horrors of the Abyss.
 29979 | Depths:1 | Gained mutation: You are occasionally teleported next to monsters. [mutagenic meat]
 29980 | Depths:1 | Gained mutation: You are agile. (Dex +2) [mutagenic meat]
 29981 | Depths:1 | Gained mutation: You expend magic power (3 MP) to strengthen your wands. [mutagenic meat]
 29984 | Depths:1 | Lost mutation: Your mind is acute. (Int +2) [mutagenic meat]
 29989 | Depths:1 | Gained mutation: Your flesh is very heat resistant. [mutagenic meat]
 29992 | Depths:1 | Lost mutation: You have supernaturally acute eyesight. [mutagenic meat]
 30038 | Depths:1 | Found a gateway to Hell.
 30096 | Hell     | Entered the Vestibule of Hell
 30096 | Hell     | Noticed Geryon
 30181 | Hell     | Killed Geryon
 30220 | Hell     | Reached XP level 26. HP: 141/151 MP: 30/35
 30372 | Depths:1 | Found a runed door.
 30847 | Depths:1 | Found a radiant altar of Vehumet.
 30847 | Depths:1 | Noticed an ancient lich
 30856 | Depths:1 | Killed an ancient lich
 30874 | Depths:1 | Identified the Handbook of Confrontation (You found it on level 1 of the Depths)
 31082 | Depths:2 | Lost mutation: You are agile. (Dex +2) [mutagenic meat]
 31085 | Depths:2 | Lost mutation: You can translocate small distances at will. [mutagenic meat]
 31087 | Depths:2 | Gained mutation: Your magical capacity is low (-10% MP). [mutagenic meat]
 31091 | Depths:2 | Gained mutation: You are clumsy. (Dex -2) [mutagenic meat]
 31579 | Depths:2 | Gained mutation: You are resistant to electric shocks. [mutagenic meat]
 31935 | Depths:2 | Lost mutation: You are clumsy. (Dex -2) [mutagenic meat]
 31936 | Depths:2 | Gained mutation: You possess an exceptional clarity of mind. [mutagenic meat]
 31937 | Depths:2 | Lost mutation: You are resistant to electric shocks. [mutagenic meat]
 31938 | Depths:2 | Lost mutation: You are occasionally teleported next to monsters. [mutagenic meat]
 31939 | Depths:2 | Gained mutation: You are mostly covered in thin metallic scales (AC +3). [mutagenic meat]
 31940 | Depths:2 | Gained mutation: You tend to lose your temper in combat. [mutagenic meat]
 31941 | Depths:2 | Gained mutation: You have a pair of small antennae on your head. [mutagenic meat]
 31944 | Depths:2 | Gained mutation: You are partially covered in large bone plates (AC +2, SH +2). [mutagenic meat]
 32159 | Depths:2 | Noticed Asterion
 32180 | Depths:2 | Killed Asterion
 32233 | Depths:2 | Lost mutation: You tend to lose your temper in combat. [mutagenic meat]
 32234 | Depths:2 | Lost mutation: You possess an exceptional clarity of mind. [mutagenic meat]
 32238 | Depths:2 | Lost mutation: Your magical capacity is low (-10% MP). [mutagenic meat]
 32240 | Depths:2 | Lost mutation: Your movements are slightly less encumbered by armour (ER -2). [mutagenic meat]
 32994 | Depths:3 | Reached skill level 10 in Air Magic
 33008 | Depths:3 | Identified a scroll of acquirement
 33009 | Depths:3 | Got a scorched cloak
 33020 | Depths:3 | Identified the +2 cloak of the Slug {Dex+2} (You acquired it on level 3 of the Depths)
 33253 | Depths:3 | Learned a level 4 spell: Summon Lightning Spire
 33363 | Depths:3 | Found a one-way gate leading to the halls of Pandemonium.
 33370 | Depths:3 | Reached skill level 15 in Dodging
 33370 | Depths:3 | Reached XP level 27. HP: 160/160 MP: 30/35
 33383 | Depths:3 | Noticed a juggernaut
 33385 | Depths:3 | Killed a juggernaut
 33512 | Depths:3 | Learned a level 6 spell: Deflect Missiles
 33762 | Depths:4 | Gained mutation: Your flesh is cold resistant. [mutagenic meat]
 33978 | Depths:4 | Gained mutation: You are weak. (Str -2) [mutagenic meat]
 33979 | Depths:4 | Gained mutation: You are occasionally teleported next to monsters. [mutagenic meat]
 33980 | Depths:4 | Gained mutation: You are frail (-10% HP). [mutagenic meat]
 34006 | Depths:4 | Found a gateway to a ziggurat.
 34036 | Depths:4 | Found a bloodstained altar of Trog.
 34307 | Depths:4 | Gained mutation: Scrolls take you a little longer to read. [mutagenic meat]
 34568 | Depths:4 | Lost mutation: You expend magic power (3 MP) to strengthen your wands. [potion of mutation]
 34568 | Depths:4 | Gained mutation: Armour fits poorly on your strangely shaped body. [potion of mutation]
 34568 | Depths:4 | Lost mutation: You are mostly covered in thin metallic scales (AC +3). [potion of mutation]
 34620 | Zig:1    | Entered Level 1 of a ziggurat
 34654 | Zig:2    | Entered Level 2 of a ziggurat
 34676 | Zig:3    | Entered Level 3 of a ziggurat
 34706 | Zig:4    | Entered Level 4 of a ziggurat
 34740 | Zig:4    | Got a steaming platinum ring
 34743 | Zig:4    | Identified the ring "Qeesury" {Wiz rN+ Str+3} (You found it on level 4 of a ziggurat)
 34765 | Zig:5    | Entered Level 5 of a ziggurat
 34766 | Zig:5    | Noticed Voshrutti the pandemonium lord
 34837 | Zig:5    | Killed Voshrutti the pandemonium lord
 34872 | Zig:5    | Got an ichor-stained chain mail
 34875 | Zig:5    | Identified the +11 chain mail of the Moon {+Blink rF- MP+9 SInv} (You found it on level 5 of a ziggurat)
 34922 | Zig:6    | Entered Level 6 of a ziggurat
 34980 | Zig:7    | Entered Level 7 of a ziggurat
 35003 | Zig:7    | Lost mutation: Scrolls take you a little longer to read. [mutagenic meat]
 35044 | Zig:8    | Entered Level 8 of a ziggurat
 35080 | Zig:8    | Gained mutation: You are sometimes teleported next to monsters. [mutagenic meat]
 35193 | Zig:9    | Entered Level 9 of a ziggurat
 35258 | Zig:9    | Lost mutation: You are covered in fur (AC +1). [potion of cure mutation]
 35258 | Zig:9    | Lost mutation: Your flesh is very heat resistant. [potion of cure mutation]
 35258 | Zig:9    | Lost mutation: Armour fits poorly on your strangely shaped body. [potion of cure mutation]
 35258 | Zig:9    | Lost mutation: You are weak. (Str -2) [potion of cure mutation]
 35258 | Zig:9    | Lost mutation: You are frail (-10% HP). [potion of cure mutation]
 35258 | Zig:9    | Lost mutation: You are partially covered in thin metallic scales (AC +2). [potion of cure mutation]
 35321 | Zig:10   | Entered Level 10 of a ziggurat
 35429 | Zig:11   | Entered Level 11 of a ziggurat
 35617 | Zig:11   | Identified the Catalogue of Poison (You found it on level 11 of a ziggurat)
 35633 | Zig:12   | Entered Level 12 of a ziggurat
 35640 | Zig:12   | Paralysed by accursed screaming for 1 turns
 35677 | Zig:12   | Reached skill level 25 in Shields
 35770 | Zig:13   | Entered Level 13 of a ziggurat
 35850 | Zig:13   | Gained mutation: Your muscles are strong. (Str +2) [mutagenic meat]
 35872 | Zig:13   | Got an ancient bronze amulet
 35873 | Zig:13   | Identified the amulet of Nouth {+Rage Int+2} (You found it on level 13 of a ziggurat)
 35932 | Zig:14   | Entered Level 14 of a ziggurat
 36016 | Zig:14   | Gained mutation: You are covered in fur (AC +1). [mutagenic meat]
 36020 | Zig:14   | Lost mutation: You are sometimes teleported next to monsters. [mutagenic meat]
 36024 | Zig:14   | Gained mutation: Your mind is acute. (Int +2) [mutagenic meat]
 36025 | Zig:14   | Gained mutation: Your magical capacity is low (-10% MP). [mutagenic meat]
 36026 | Zig:14   | Lost mutation: You have a pair of small antennae on your head. [mutagenic meat]
 36140 | Zig:14   | Identified the Catalogue of Lucky Darkness (You found it on level 14 of a ziggurat)
 36190 | Zig:15   | Entered Level 15 of a ziggurat
 36228 | Zig:15   | Reached skill level 15 in Unarmed Combat
 36249 | Zig:15   | Gained mutation: You have a pair of small horns on your head. [potion of beneficial mutation]
 36252 | Zig:15   | Got a warped wooden ring
 36253 | Zig:15   | Identified the ring "Bavieth" {Str+5 Dex+4 SInv} (You found it on level 15 of a ziggurat)
 36283 | Zig:15   | Got a heavy robe
 36339 | Zig:16   | Entered Level 16 of a ziggurat
 36405 | Zig:16   | Lost mutation: Your flesh is heat resistant. [mutagenic meat]
 36499 | Zig:16   | Got a glittering lead ring
 36503 | Zig:16   | Identified the ring "Tamm" {rN+ AC+1} (You found it on level 16 of a ziggurat)
 36512 | Zig:16   | Identified the Almanac of the Unstable Oath
 36554 | Zig:17   | Entered Level 17 of a ziggurat
 36651 | Zig:17   | Identified the +1 robe of the Many Ghosts {rC- MR+++ rCorr Dex+3} (You found it on level 15 of a ziggurat)
 36706 | Zig:18   | Entered Level 18 of a ziggurat
 36771 | Zig:18   | Gained mutation: Scrolls take you a little longer to read. [mutagenic meat]
 36772 | Zig:18   | Gained mutation: You tend to lose your temper in combat. [mutagenic meat]
 36774 | Zig:18   | Lost mutation: Your muscles are strong. (Str +2) [mutagenic meat]
 36776 | Zig:18   | Gained mutation: You are robust (+10% HP). [mutagenic meat]
 36781 | Zig:18   | Gained mutation: You evolve. [mutagenic meat]
 36782 | Zig:18   | Lost mutation: You are occasionally teleported next to monsters. [mutagenic meat]
 36784 | Zig:18   | Lost mutation: You tend to lose your temper in combat. [mutagenic meat]
 36785 | Zig:18   | Gained mutation: Your magical capacity is very low (-20% MP). [mutagenic meat]
 36796 | Zig:18   | Lost mutation: Your flesh is cold resistant. [mutagenic meat]
 36797 | Zig:18   | Lost mutation: Your magical capacity is very low (-20% MP). [mutagenic meat]
 36929 | Zig:19   | Entered Level 19 of a ziggurat
 37025 | Zig:19   | Got a sparkling lead amulet
 37028 | Zig:19   | Identified the amulet "Eloll" {RegenMP Str-3 Int+5 Dex+2} (You found it on level 19 of a ziggurat)
 37032 | Zig:19   | Got a glittering graven amulet
 37035 | Zig:19   | Identified the amulet "Ameunt" {Dismiss rN+++ Str-3 Dex+2} (You found it on level 19 of a ziggurat)
 37057 | Zig:19   | Identified the Almanac of Protection and the Compass (You found it on level 19 of a ziggurat)
 37119 | Zig:20   | Entered Level 20 of a ziggurat
 37131 | Zig:20   | Reached skill level 1 in Conjurations
 37148 | Zig:20   | Reached skill level 5 in Spellcasting
 37148 | Zig:20   | Reached skill level 15 in Fighting
 37150 | Zig:20   | Reached skill level 5 in Conjurations
 37241 | Zig:20   | Identified the Reference Book on Ashen Necromancy (You found it on level 20 of a ziggurat)
 37250 | Zig:20   | Got a steaming plate armour
 37253 | Zig:20   | Identified the +2 plate armour of the Were-rabbit {Int+4 Dex+4} (You found it on level 20 of a ziggurat)
 37268 | Zig:20   | Learned a level 4 spell: Animate Dead
 37273 | Zig:21   | Entered Level 21 of a ziggurat
 37300 | Zig:21   | Reached skill level 10 in Conjurations
 37320 | Zig:21   | Paralysed by accursed screaming for 2 turns
 37394 | Zig:21   | Paralysed by accursed screaming for 1 turns
 37526 | Zig:21   | Gained mutation: Your muscles are strong. (Str +2) [evolution]
 37526 | Zig:21   | Lost mutation: You evolve. [end of evolution]
 37534 | Zig:21   | Got a crude pewter ring
 37583 | Zig:21   | Got an ancient leather armour
 37596 | Zig:21   | Identified the cursed +0 leather armour "Jerood" {Dex+3 Slay+3} (You found it on level 21 of a ziggurat)
 37620 | Zig:21   | Identified the ring "Zaan Tia" {rF- rN+ MR- Str+6 Int+10} (You found it on level 21 of a ziggurat)
 37646 | Zig:21   | Got a jewelled scale mail
 37657 | Zig:21   | Identified the +3 scale mail "Luxtoput" {rF- Dex+7 SInv} (You found it on level 21 of a ziggurat)
 37681 | Zig:22   | Entered Level 22 of a ziggurat
 37703 | Zig:22   | Reached skill level 15 in Conjurations
 37762 | Zig:22   | Gained mutation: Your muscles are very strong. (Str +4) [mutagenic meat]
 37763 | Zig:22   | Gained mutation: You occasionally shout uncontrollably at your foes. [mutagenic meat]
 37775 | Zig:22   | Gained mutation: You are agile. (Dex +2) [mutagenic meat]
 37781 | Zig:22   | Gained mutation: You are partially covered in molten scales (AC +1). [mutagenic meat]
 37878 | Zig:22   | Got a sparkling platinum ring
 37896 | Zig:22   | Gained mutation: Your mind is very acute. (Int +4) [potion of beneficial mutation]
 37981 | Zig:23   | Entered Level 23 of a ziggurat
 38000 | Zig:23   | Reached skill level 1 in Slings
 38001 | Zig:23   | Noticed an ancient lich
 38006 | Zig:23   | Noticed an ancient lich
 38007 | Zig:23   | Noticed an ancient lich
 38009 | Zig:23   | Noticed an ancient lich
 38012 | Zig:23   | Noticed an ancient lich
 38015 | Zig:23   | Killed an ancient lich
 38016 | Zig:23   | Reached skill level 5 in Slings
 38016 | Zig:23   | Noticed an ancient lich
 38017 | Zig:23   | Killed an ancient lich
 38017 | Zig:23   | Killed an ancient lich
 38017 | Zig:23   | Killed an ancient lich
 38018 | Zig:23   | Killed an ancient lich
 38018 | Zig:23   | Reached skill level 10 in Slings
 38019 | Zig:23   | Noticed an ancient lich
 38021 | Zig:23   | Killed an ancient lich
 38026 | Zig:23   | Killed an ancient lich
 38171 | Zig:23   | Identified the Handbook of Ignition
 38174 | Zig:23   | Got an ancient brass amulet
 38179 | Zig:23   | Got a faintly glowing granite ring
 38192 | Zig:23   | Got an encrusted fire dragon armour
 38205 | Zig:23   | Identified the +0 fire dragon armour of Erphexzor {rElec rF++ rC- Int+4 Dex-2 Stlth+} (You found it on level 23 of a ziggurat)
 38207 | Zig:23   | Identified the amulet of Xunoacei {Inacc rPois rF+++ Int+3} (You found it on level 23 of a ziggurat)
 38219 | Zig:23   | Got a shimmering wooden ring
 38263 | Zig:24   | Entered Level 24 of a ziggurat
 38364 | Zig:24   | HP: 8/249 [blizzard demon/the air (23)]
 38500 | Zig:24   | Gained mutation: You have very sharp fingernails. [potion of beneficial mutation]
 38511 | Zig:24   | Got a scintillating marble ring
 38554 | Zig:24   | Identified the ring of Ughuh {SustAt rC+ rN+} (You found it on level 22 of a ziggurat)
 38556 | Zig:24   | Identified the ring of Raor Tot {rN+ Str+6 SInv} (You found it on level 23 of a ziggurat)
 38559 | Zig:24   | Identified the ring of Rilezan {rElec rPois Stlth+} (You found it on level 23 of a ziggurat)
 38641 | Zig:25   | Entered Level 25 of a ziggurat
 38667 | Zig:25   | Noticed a greater mummy
 38667 | Zig:25   | Noticed a greater mummy
 38667 | Zig:25   | Noticed a greater mummy
 38671 | Zig:25   | Noticed a greater mummy
 38671 | Zig:25   | Noticed a greater mummy
 38671 | Zig:25   | Noticed a greater mummy
 38672 | Zig:25   | Noticed a greater mummy
 38673 | Zig:25   | Noticed a greater mummy
 38673 | Zig:25   | Noticed a greater mummy
 38673 | Zig:25   | Noticed a greater mummy
 38674 | Zig:25   | Noticed a greater mummy
 38674 | Zig:25   | Noticed a greater mummy
 38675 | Zig:25   | Got a warped tin ring
 38676 | Zig:25   | Noticed a greater mummy
 38676 | Zig:25   | HP: 8/250 [emperor scorpion[a greater mummy] (14)]
 38676 | Zig:25   | Killed from afar by a greater mummy

Vault maps used:
D:1:      minmay_arrival_four_circles, hangedman_decor_peaks_small,
          kennysheep_flooded_box
D:2:      grunt_temple_overflow_gold_and_silver, cheibriados_altar_1,
          kennysheep_another_room, uniq_iyjb
D:3:      uniq_robin
D:4:      uniq_grinder
D:5:      forest_paths, elyvilon_altar_1, kennysheep_mini,
          yredelemnul_altar_generic, first_bread, minmay_mini_ossuary,
          uniq_edmund, uniq_pikel, uniq_sigmund, uniq_blork_the_orc
D:6:      nicolae_tso_besieged_by_evil, temple_pool_a
D:7:      grunt_temple_overflow_open, serial_shops, shop, nicolae_shop_trees,
          grunt_ogre_cave, centaur_isle
D:8:      uniq_grum
D:9:      serial_shops, nicolae_shop_competitors_out_of_business,
          evilmike_surprise_oklob
D:10:     serial_shops, nicolae_shop_trees, uniq_urug
D:11:     wad_woods_structure_01, serial_ice, serial_ice_l, serial_ice_o,
          serial_ice_b, serial_ice_d, serial_ice_a, serial_ice_h, serial_ice_f,
          serial_ice_g, serial_ice_m, serial_ice_e
D:12:     zombieorc2_lemuel
D:13:     serial_shops, nicolae_shop_statue_plus
D:14:     david_vaults_2
D:15:     gammafunk_depths_entry_grave
Lair:1:   serial_bayou_shore_b, grunt_megastairs_1
Lair:2:   grunt_megastairs_2
Lair:3:   minmay_shoals_entry_beasts
Lair:4:   minmay_snake_entry_guardpost_small
Lair:5:   grunt_megastairs_3
Lair:6:   infiniplex_staircase_pool, uniq_kirke
Lair:7:   boulder_quad_collide, zaba_anthole, st_stairs_10
Lair:8:   minmay_lair_end_frog_pond, slime_dummy, st_stairs_4,
          serial_bayou_pond_b, uniq_nessos
Shoals:1: serial_shops, shop, shop, nicolae_shop_crystal, shop_coins,
          lightli_airlock
Shoals:4: shoals_end_grunt_ice, shoal_ilsuiw, serial_shops, nicolae_shop_trees,
          portal_ice_cave_entry_imps, uniq_polyphemus
Snake:4:  grunt_snake_rune_spirals, st_stairs_6, guppyfry_snake_island,
          uniq_saint_roka
Orc:2:    grunt_orc_cross, serial_shops, shop
Elf:1:    eino_elf_arrival_customs, kennysheep_underground_church, uniq_roxanne,
          uniq_frances
Elf:3:    minmay_elf_hall_quartered_circle, serial_shops, shop,
          grunt_ministairs_10
Vaults:1: vaults_room_large_hall, v_pattern_4, nicolae_vaults_little_squares_3,
          hangedman_vaults_trim, nicolae_vaults_little_squares_3,
          hangedman_vaults_slice, hangedman_vaults_nodes, v_alt_pattern_1,
          hangedman_vaults_pinch, v_misc_30
Vaults:2: hangedman_vaults_variations, v_pattern_2, v_misc_11, v_rooms_4,
          hangedman_vaults_impose, vaults_mumra_hex, vaults_mumra_chevron,
          v_misc_11, v_misc_23, vaults_room_door_ring, ontoclasm_vaults_twist,
          serial_shops, shop
Vaults:3: v_alt_pattern_6, nicolae_vaults_theta, grunt_vaults_focal,
          minmay_crypt_entry_simple_statues, v_alt_pattern_6, v_pattern_3,
          v_rooms_5, vaults_room_guarded_vault, ontoclasm_vaults_eye,
          v_alt_pattern_2, uniq_sojobo
Vaults:4: nicolae_vaults_quadrants, nicolae_vaults_ninety_degrees, v_misc_33,
          serial_ice_m, grunt_vaults_funnel, nicolae_vaults_angled_halls,
          ontoclasm_vaults_gateway, vaults_mumra_minichess, uniq_aizul,
          uniq_wiglaf, uniq_frederick
Crypt:2:  corner_web_ring
Crypt:3:  church_of_pain_bobbens, weyrava_lich_vault, uniq_mennas, uniq_khufu
Depths:1: hell_entry, abyss_entry, grunt_absolute_annihilation,
          grunt_megastairs_4
Depths:2: nooodl_glass_maze, nicolae_wwwww, pf_hell_entry_tar_spiral,
          uniq_asterion
Depths:3: minmay_quarter_circles, pan_entry, roderic_aztec_sauvastika,
          hell_entry, serial_bayou_shore_b
Depths:4: lemuel_flame_loot_2, enter_ziggurat_b, hell_entry, abyss_entry,
          basic_altar
Zig:10:   ziggurat_loot_2
Zig:12:   ziggurat_pillar_centre_drop
Zig:23:   ziggurat_pillar_centre_oklobs
Zig:25:   ziggurat_pillar_centre_c
IceCv:    ice_cave_tombish

Skill      XL: |  1  2  3  4  5  6  7  8  9 10 11 12 13 14 15 16 17 18 19 20 21 22 23 24 25 26 27 |
---------------+----------------------------------------------------------------------------------+-----
Unarmed Combat | 5 6 7 8 10 11 13 15 | 15.0
Invocations    | 6 |  6.9
Shields        | 6 7 12 15 18 20 22 24 25 | 25.0
Dodging        | 9 12 13 15 16 | 16.4
Fighting       | 5 7 10 11 13 18 | 18.9
Armour         | 4 9 |  9.0
Charms         | 1 6 8 |  8.8
Necromancy     | 2 5 |  5.5
Transmutations | 4 7 9 10 11 12 13 | 13.4
Air Magic      | 5 10 14 | 14.6
Evocations     | 4 8 10 12 13 14 15 19 | 19.1
Spellcasting   | 2 4 9 |  9.1
Earth Magic    | 2 5 7 9 10 13 | 13.1
Translocations | 7 11 12 13 14 | 14.1
Conjurations   | 21 | 21.0
Slings         | 14 | 14.1
Stealth        | |  2.0

Action                   |  1- 3 |  4- 6 |  7- 9 | 10-12 | 13-15 | 16-18 | 19-21 | 22-24 | 25-27 || total
-------------------------+-------+-------+-------+-------+-------+-------+-------+-------+-------++-------
Melee: Unarmed           |    84 |    86 |   211 |   418 |  1009 |  1274 |  1202 |  1106 |  1865 ||  7255
       Kick              |    16 |    33 |    94 |   212 |   595 |   789 |   726 |   668 |  1049 ||  4182
       Peck              |    13 |    25 |    68 |   135 |   387 |   505 |   437 |   434 |   701 ||  2705
       Punch             |     2 |     3 |     2 |       |       |       |       |       |       ||     7
       Staff             |       |     2 |       |       |       |       |       |       |       ||     2
       Headbutt          |       |       |       |       |       |    86 |    41 |       |    93 ||   220
 Fire: Hunting sling     |       |       |       |       |    13 |   107 |       |       |       ||   120
       Greatsling        |       |       |       |       |       |       |       |       |    37 ||    37
 Cast: Regeneration      |       |       |       |       |     6 |   112 |    43 |    36 |    68 ||   265
       Repel Missiles    |       |       |       |       |     1 |     6 |     4 |     1 |       ||    12
       Beastly Appendage |       |       |       |       |       |    17 |     4 |     1 |       ||    22
       Statue Form       |       |       |       |       |       |       |    28 |    45 |   100 ||   173
       Apportation       |       |       |       |       |       |       |       |       |     1 ||     1
       Deflect Missiles  |       |       |       |       |       |       |       |       |     1 ||     1
       Shroud of Golubri |       |       |       |       |       |       |       |       |     1 ||     1
       Song of Slaying   |       |       |       |       |       |       |       |       |     1 ||     1
Invok: Slouch            |       |       |     2 |     9 |     5 |    19 |     7 |    15 |    50 ||   107
       Bend Time         |       |       |       |       |     2 |       |       |       |       ||     2
       Temporal Distorti |       |       |       |       |       |     1 |       |       |       ||     1
 Abil: Blink             |       |       |     1 |       |     3 |     3 |     4 |     1 |       ||    12
       Fly               |       |       |     1 |       |     1 |       |       |       |       ||     2
       Evoke Invisibilit |       |       |       |       |       |     1 |     2 |       |       ||     3
       End Transformatio |       |       |       |       |       |       |     1 |       |       ||     1
Evoke: Wand              |       |       |       |       |     5 |     6 |    14 |     5 |     7 ||    37
       Fan of gales      |       |       |       |       |       |     3 |       |     1 |     7 ||    11
       Rod               |       |       |       |       |       |     1 |       |       |     8 ||     9
       Phantom mirror    |       |       |       |       |       |     1 |       |       |       ||     1
       Deck              |       |       |       |       |       |       |     6 |       |     4 ||    10
       Disc of storms    |       |       |       |       |       |       |       |       |    82 ||    82
       Lamp of fire      |       |       |       |       |       |       |       |       |    11 ||    11
       Sack of spiders   |       |       |       |       |       |       |       |       |     6 ||     6
       Box of beasts     |       |       |       |       |       |       |       |       |     3 ||     3
       Phial of floods   |       |       |       |       |       |       |       |       |     3 ||     3
  Use: Potion            |     2 |       |     1 |     1 |       |    14 |     5 |     3 |    39 ||    65
       Scroll            |       |     8 |     1 |     8 |    21 |     9 |    15 |    10 |    71 ||   143
 Stab: Sleeping          |     4 |     3 |       |       |       |     1 |    14 |     7 |     4 ||    33
       Distracted        |       |     1 |       |       |       |       |     3 |     3 |     9 ||    16
       Confused          |       |       |       |       |     2 |       |       |       |     1 ||     3
       Invisible         |       |       |       |       |       |       |    11 |       |       ||    11
       Held in net/web   |       |       |       |       |       |       |       |       |     2 ||     2
  Eat: Chunk             |     1 |     1 |     8 |    13 |    24 |    13 |    33 |    60 |   136 ||   289
       Pizza             |       |       |       |       |     3 |     2 |     1 |     1 |       ||     7
       Royal jelly       |       |       |       |       |     1 |       |       |       |     3 ||     4
       Meat ration       |       |       |       |       |       |     5 |     4 |     7 |     9 ||    25
       Beef jerky        |       |       |       |       |       |     1 |       |     1 |       ||     2
       Fruit             |       |       |       |       |       |     3 |     4 |       |     3 ||    10
       Bread ration      |       |       |       |       |       |       |       |       |     1 ||     1
Armor: Robe              |     6 |       |       |       |       |       |       |       |       ||     6
       Leather armour    |       |     8 |       |       |       |     5 |     9 |    24 |     3 ||    49
       Plate armour      |       |     5 |    75 |    86 |   246 |   249 |   102 |       |       ||   763
       Skin              |       |       |       |       |       |     3 |   101 |   202 |   447 ||   753
       Pearl dragon armo |       |       |       |       |       |       |       |       |    20 ||    20
Dodge: Dodged            |    43 |    58 |    70 |   174 |   825 |  1019 |  1585 |  1572 |  4002 ||  9348
       Deflected         |       |       |       |       |     8 |    44 |    18 |       |     8 ||    78
Block: Other             |    13 |    31 |    10 |       |     5 |       |       |       |       ||    59
       Reflection        |       |     3 |    14 |    42 |    52 |   209 |   129 |    41 |   197 ||   687
       Shield            |       |       |   130 |    16 |       |       |    43 |   200 |       ||   389
       Buckler           |       |       |       |   349 |  1016 |  1344 |  1415 |   217 |       ||  4341
       Large shield      |       |       |       |       |       |       |    12 |  1990 |  5428 ||  7430
